%YAML 1.1
%TAG !u! tag:unity3d.com,2011:
--- !u!1 &5186181831152503454
GameObject:
  m_ObjectHideFlags: 0
  m_CorrespondingSourceObject: {fileID: 0}
  m_PrefabInstance: {fileID: 0}
  m_PrefabAsset: {fileID: 0}
  serializedVersion: 6
  m_Component:
  - component: {fileID: 5184115163557988674}
  - component: {fileID: 4982494969816342448}
  m_Layer: 0
  m_Name: EgyptiansSymbol
  m_TagString: Untagged
  m_Icon: {fileID: 0}
  m_NavMeshLayer: 0
  m_StaticEditorFlags: 0
  m_IsActive: 1
--- !u!4 &5184115163557988674
Transform:
  m_ObjectHideFlags: 0
  m_CorrespondingSourceObject: {fileID: 0}
  m_PrefabInstance: {fileID: 0}
  m_PrefabAsset: {fileID: 0}
  m_GameObject: {fileID: 5186181831152503454}
  m_LocalRotation: {x: 0, y: 0, z: 0, w: 1}
  m_LocalPosition: {x: 3.0906923, y: 0.6966899, z: -10.903544}
  m_LocalScale: {x: 1, y: 1, z: 1}
  m_Children:
  - {fileID: 5183932678437814552}
  - {fileID: 5183367731010912452}
  - {fileID: 5183089995019060906}
  - {fileID: 5183673248589124278}
  m_Father: {fileID: 0}
  m_RootOrder: 0
  m_LocalEulerAnglesHint: {x: 0, y: 0, z: 0}
--- !u!205 &4982494969816342448
LODGroup:
  m_ObjectHideFlags: 0
  m_CorrespondingSourceObject: {fileID: 0}
  m_PrefabInstance: {fileID: 0}
  m_PrefabAsset: {fileID: 0}
  m_GameObject: {fileID: 5186181831152503454}
  serializedVersion: 2
  m_LocalReferencePoint: {x: -0.0006315708, y: -0.0101649165, z: 0.05164419}
  m_Size: 1.3745283
  m_FadeMode: 0
  m_AnimateCrossFading: 0
  m_LastLODIsBillboard: 0
  m_LODs:
  - screenRelativeHeight: 0.25
    fadeTransitionWidth: 0
    renderers:
    - renderer: {fileID: 5164249989306020448}
  - screenRelativeHeight: 0.125
    fadeTransitionWidth: 0
    renderers:
    - renderer: {fileID: 5164605698830611778}
  - screenRelativeHeight: 0.06497157
    fadeTransitionWidth: 0
    renderers:
    - renderer: {fileID: 5164569070795161356}
  - screenRelativeHeight: 0.01
    fadeTransitionWidth: 0
    renderers:
    - renderer: {fileID: 5165230829010745222}
  m_Enabled: 1
--- !u!1 &5186472554156074576
GameObject:
  m_ObjectHideFlags: 0
  m_CorrespondingSourceObject: {fileID: 0}
  m_PrefabInstance: {fileID: 0}
  m_PrefabAsset: {fileID: 0}
  serializedVersion: 6
  m_Component:
  - component: {fileID: 5183673248589124278}
  - component: {fileID: 5154353840286389848}
  - component: {fileID: 5165230829010745222}
  m_Layer: 0
  m_Name: KnightlyShield_LOD3
  m_TagString: Untagged
  m_Icon: {fileID: 0}
  m_NavMeshLayer: 0
  m_StaticEditorFlags: 0
  m_IsActive: 1
--- !u!4 &5183673248589124278
Transform:
  m_ObjectHideFlags: 0
  m_CorrespondingSourceObject: {fileID: 0}
  m_PrefabInstance: {fileID: 0}
  m_PrefabAsset: {fileID: 0}
  m_GameObject: {fileID: 5186472554156074576}
  m_LocalRotation: {x: 0.6958404, y: -1.5698967e-16, z: 1.5698962e-16, w: 0.71819645}
  m_LocalPosition: {x: 0.00015698705, y: 0.11271494, z: 0.107029386}
  m_LocalScale: {x: 0.5670169, y: 0.56701696, z: 0.56701696}
  m_Children: []
  m_Father: {fileID: 5184115163557988674}
  m_RootOrder: 3
  m_LocalEulerAnglesHint: {x: 0, y: 0, z: 0}
--- !u!33 &5154353840286389848
MeshFilter:
  m_ObjectHideFlags: 0
  m_CorrespondingSourceObject: {fileID: 0}
  m_PrefabInstance: {fileID: 0}
  m_PrefabAsset: {fileID: 0}
  m_GameObject: {fileID: 5186472554156074576}
  m_Mesh: {fileID: 4300000, guid: 6fd3251a0839c42fe9fe2398c2a9e505, type: 3}
--- !u!23 &5165230829010745222
MeshRenderer:
  m_ObjectHideFlags: 0
  m_CorrespondingSourceObject: {fileID: 0}
  m_PrefabInstance: {fileID: 0}
  m_PrefabAsset: {fileID: 0}
  m_GameObject: {fileID: 5186472554156074576}
  m_Enabled: 1
  m_CastShadows: 1
  m_ReceiveShadows: 1
  m_DynamicOccludee: 1
  m_MotionVectors: 1
  m_LightProbeUsage: 1
  m_ReflectionProbeUsage: 1
  m_RenderingLayerMask: 1
  m_RendererPriority: 0
  m_Materials:
  - {fileID: 2100000, guid: 545a89abd1f8c41d2a51557b42e0a598, type: 2}
  - {fileID: 2100000, guid: 7b8c1c20d995f4dc08a80f0affc8cb13, type: 2}
  - {fileID: 2100000, guid: cde3468f1323d4e86884e98929c1940d, type: 2}
  - {fileID: 2100000, guid: f1c640412ac9f4f559ae607984b3f380, type: 2}
  - {fileID: 2100000, guid: 5aca0b7d25a4347f3929bfb2d0405cb4, type: 2}
  m_StaticBatchInfo:
    firstSubMesh: 0
    subMeshCount: 0
  m_StaticBatchRoot: {fileID: 0}
  m_ProbeAnchor: {fileID: 0}
  m_LightProbeVolumeOverride: {fileID: 0}
  m_ScaleInLightmap: 1
  m_PreserveUVs: 0
  m_IgnoreNormalsForChartDetection: 0
  m_ImportantGI: 0
  m_StitchLightmapSeams: 0
  m_SelectedEditorRenderState: 3
  m_MinimumChartSize: 4
  m_AutoUVMaxDistance: 0.5
  m_AutoUVMaxAngle: 89
  m_LightmapParameters: {fileID: 0}
  m_SortingLayerID: 0
  m_SortingLayer: 0
  m_SortingOrder: 0
--- !u!1 &5186813229445283578
GameObject:
  m_ObjectHideFlags: 0
  m_CorrespondingSourceObject: {fileID: 0}
  m_PrefabInstance: {fileID: 0}
  m_PrefabAsset: {fileID: 0}
  serializedVersion: 6
  m_Component:
  - component: {fileID: 5183932678437814552}
  - component: {fileID: 5154861227701935882}
  - component: {fileID: 5164249989306020448}
  m_Layer: 0
  m_Name: KnightlyShield_LOD0
  m_TagString: Untagged
  m_Icon: {fileID: 0}
  m_NavMeshLayer: 0
  m_StaticEditorFlags: 0
  m_IsActive: 1
--- !u!4 &5183932678437814552
Transform:
  m_ObjectHideFlags: 0
  m_CorrespondingSourceObject: {fileID: 0}
  m_PrefabInstance: {fileID: 0}
  m_PrefabAsset: {fileID: 0}
  m_GameObject: {fileID: 5186813229445283578}
  m_LocalRotation: {x: 0.6958404, y: -1.5698967e-16, z: 1.5698962e-16, w: 0.71819645}
  m_LocalPosition: {x: 0.00015698705, y: 0.11271494, z: 0.107029386}
  m_LocalScale: {x: 0.5670169, y: 0.56701696, z: 0.56701696}
  m_Children: []
  m_Father: {fileID: 5184115163557988674}
  m_RootOrder: 0
  m_LocalEulerAnglesHint: {x: 0, y: 0, z: 0}
--- !u!33 &5154861227701935882
MeshFilter:
  m_ObjectHideFlags: 0
  m_CorrespondingSourceObject: {fileID: 0}
  m_PrefabInstance: {fileID: 0}
  m_PrefabAsset: {fileID: 0}
  m_GameObject: {fileID: 5186813229445283578}
  m_Mesh: {fileID: 4300006, guid: 6fd3251a0839c42fe9fe2398c2a9e505, type: 3}
--- !u!23 &5164249989306020448
MeshRenderer:
  m_ObjectHideFlags: 0
  m_CorrespondingSourceObject: {fileID: 0}
  m_PrefabInstance: {fileID: 0}
  m_PrefabAsset: {fileID: 0}
  m_GameObject: {fileID: 5186813229445283578}
  m_Enabled: 1
  m_CastShadows: 1
  m_ReceiveShadows: 1
  m_DynamicOccludee: 1
  m_MotionVectors: 1
  m_LightProbeUsage: 1
  m_ReflectionProbeUsage: 1
  m_RenderingLayerMask: 1
  m_RendererPriority: 0
  m_Materials:
  - {fileID: 2100000, guid: 545a89abd1f8c41d2a51557b42e0a598, type: 2}
  - {fileID: 2100000, guid: cde3468f1323d4e86884e98929c1940d, type: 2}
  - {fileID: 2100000, guid: 7b8c1c20d995f4dc08a80f0affc8cb13, type: 2}
  - {fileID: 2100000, guid: 5aca0b7d25a4347f3929bfb2d0405cb4, type: 2}
  - {fileID: 2100000, guid: f1c640412ac9f4f559ae607984b3f380, type: 2}
  m_StaticBatchInfo:
    firstSubMesh: 0
    subMeshCount: 0
  m_StaticBatchRoot: {fileID: 0}
  m_ProbeAnchor: {fileID: 0}
  m_LightProbeVolumeOverride: {fileID: 0}
  m_ScaleInLightmap: 1
  m_PreserveUVs: 0
  m_IgnoreNormalsForChartDetection: 0
  m_ImportantGI: 0
  m_StitchLightmapSeams: 0
  m_SelectedEditorRenderState: 3
  m_MinimumChartSize: 4
  m_AutoUVMaxDistance: 0.5
  m_AutoUVMaxAngle: 89
  m_LightmapParameters: {fileID: 0}
  m_SortingLayerID: 0
  m_SortingLayer: 0
  m_SortingOrder: 0
--- !u!1 &5187249712950384504
GameObject:
  m_ObjectHideFlags: 0
  m_CorrespondingSourceObject: {fileID: 0}
  m_PrefabInstance: {fileID: 0}
  m_PrefabAsset: {fileID: 0}
  serializedVersion: 6
  m_Component:
  - component: {fileID: 5183089995019060906}
  - component: {fileID: 5154506122372796126}
  - component: {fileID: 5164569070795161356}
  m_Layer: 0
  m_Name: KnightlyShield_LOD2
  m_TagString: Untagged
  m_Icon: {fileID: 0}
  m_NavMeshLayer: 0
  m_StaticEditorFlags: 0
  m_IsActive: 1
--- !u!4 &5183089995019060906
Transform:
  m_ObjectHideFlags: 0
  m_CorrespondingSourceObject: {fileID: 0}
  m_PrefabInstance: {fileID: 0}
  m_PrefabAsset: {fileID: 0}
  m_GameObject: {fileID: 5187249712950384504}
  m_LocalRotation: {x: 0.6958404, y: -1.5698967e-16, z: 1.5698962e-16, w: 0.71819645}
  m_LocalPosition: {x: 0.00015698705, y: 0.11271494, z: 0.107029386}
  m_LocalScale: {x: 0.5670169, y: 0.56701696, z: 0.56701696}
  m_Children: []
  m_Father: {fileID: 5184115163557988674}
  m_RootOrder: 2
  m_LocalEulerAnglesHint: {x: 0, y: 0, z: 0}
--- !u!33 &5154506122372796126
MeshFilter:
  m_ObjectHideFlags: 0
  m_CorrespondingSourceObject: {fileID: 0}
  m_PrefabInstance: {fileID: 0}
  m_PrefabAsset: {fileID: 0}
  m_GameObject: {fileID: 5187249712950384504}
  m_Mesh: {fileID: 4300002, guid: 6fd3251a0839c42fe9fe2398c2a9e505, type: 3}
--- !u!23 &5164569070795161356
MeshRenderer:
  m_ObjectHideFlags: 0
  m_CorrespondingSourceObject: {fileID: 0}
  m_PrefabInstance: {fileID: 0}
  m_PrefabAsset: {fileID: 0}
  m_GameObject: {fileID: 5187249712950384504}
  m_Enabled: 1
  m_CastShadows: 1
  m_ReceiveShadows: 1
  m_DynamicOccludee: 1
  m_MotionVectors: 1
  m_LightProbeUsage: 1
  m_ReflectionProbeUsage: 1
  m_RenderingLayerMask: 1
  m_RendererPriority: 0
  m_Materials:
  - {fileID: 2100000, guid: 545a89abd1f8c41d2a51557b42e0a598, type: 2}
  - {fileID: 2100000, guid: cde3468f1323d4e86884e98929c1940d, type: 2}
  - {fileID: 2100000, guid: 7b8c1c20d995f4dc08a80f0affc8cb13, type: 2}
  - {fileID: 2100000, guid: f1c640412ac9f4f559ae607984b3f380, type: 2}
  - {fileID: 2100000, guid: 5aca0b7d25a4347f3929bfb2d0405cb4, type: 2}
  m_StaticBatchInfo:
    firstSubMesh: 0
    subMeshCount: 0
  m_StaticBatchRoot: {fileID: 0}
  m_ProbeAnchor: {fileID: 0}
  m_LightProbeVolumeOverride: {fileID: 0}
  m_ScaleInLightmap: 1
  m_PreserveUVs: 0
  m_IgnoreNormalsForChartDetection: 0
  m_ImportantGI: 0
  m_StitchLightmapSeams: 0
  m_SelectedEditorRenderState: 3
  m_MinimumChartSize: 4
  m_AutoUVMaxDistance: 0.5
  m_AutoUVMaxAngle: 89
  m_LightmapParameters: {fileID: 0}
  m_SortingLayerID: 0
  m_SortingLayer: 0
  m_SortingOrder: 0
--- !u!1 &5187296891288905118
GameObject:
  m_ObjectHideFlags: 0
  m_CorrespondingSourceObject: {fileID: 0}
  m_PrefabInstance: {fileID: 0}
  m_PrefabAsset: {fileID: 0}
  serializedVersion: 6
  m_Component:
  - component: {fileID: 5183367731010912452}
  - component: {fileID: 5154487410679815410}
  - component: {fileID: 5164605698830611778}
  m_Layer: 0
  m_Name: KnightlyShield_LOD1
  m_TagString: Untagged
  m_Icon: {fileID: 0}
  m_NavMeshLayer: 0
  m_StaticEditorFlags: 0
  m_IsActive: 1
--- !u!4 &5183367731010912452
Transform:
  m_ObjectHideFlags: 0
  m_CorrespondingSourceObject: {fileID: 0}
  m_PrefabInstance: {fileID: 0}
  m_PrefabAsset: {fileID: 0}
  m_GameObject: {fileID: 5187296891288905118}
  m_LocalRotation: {x: 0.6958404, y: -1.5698967e-16, z: 1.5698962e-16, w: 0.71819645}
  m_LocalPosition: {x: 0.00015698705, y: 0.11271494, z: 0.107029386}
  m_LocalScale: {x: 0.5670169, y: 0.56701696, z: 0.56701696}
  m_Children: []
  m_Father: {fileID: 5184115163557988674}
  m_RootOrder: 1
  m_LocalEulerAnglesHint: {x: 0, y: 0, z: 0}
--- !u!33 &5154487410679815410
MeshFilter:
  m_ObjectHideFlags: 0
  m_CorrespondingSourceObject: {fileID: 0}
  m_PrefabInstance: {fileID: 0}
  m_PrefabAsset: {fileID: 0}
  m_GameObject: {fileID: 5187296891288905118}
  m_Mesh: {fileID: 4300004, guid: 6fd3251a0839c42fe9fe2398c2a9e505, type: 3}
--- !u!23 &5164605698830611778
MeshRenderer:
  m_ObjectHideFlags: 0
  m_CorrespondingSourceObject: {fileID: 0}
  m_PrefabInstance: {fileID: 0}
  m_PrefabAsset: {fileID: 0}
  m_GameObject: {fileID: 5187296891288905118}
  m_Enabled: 1
  m_CastShadows: 1
  m_ReceiveShadows: 1
  m_DynamicOccludee: 1
  m_MotionVectors: 1
  m_LightProbeUsage: 1
  m_ReflectionProbeUsage: 1
  m_RenderingLayerMask: 1
  m_RendererPriority: 0
  m_Materials:
  - {fileID: 2100000, guid: 545a89abd1f8c41d2a51557b42e0a598, type: 2}
  - {fileID: 2100000, guid: cde3468f1323d4e86884e98929c1940d, type: 2}
  - {fileID: 2100000, guid: 7b8c1c20d995f4dc08a80f0affc8cb13, type: 2}
  - {fileID: 2100000, guid: f1c640412ac9f4f559ae607984b3f380, type: 2}
  - {fileID: 2100000, guid: 5aca0b7d25a4347f3929bfb2d0405cb4, type: 2}
  m_StaticBatchInfo:
    firstSubMesh: 0
    subMeshCount: 0
  m_StaticBatchRoot: {fileID: 0}
  m_ProbeAnchor: {fileID: 0}
  m_LightProbeVolumeOverride: {fileID: 0}
  m_ScaleInLightmap: 1
  m_PreserveUVs: 0
  m_IgnoreNormalsForChartDetection: 0
  m_ImportantGI: 0
  m_StitchLightmapSeams: 0
  m_SelectedEditorRenderState: 3
  m_MinimumChartSize: 4
  m_AutoUVMaxDistance: 0.5
  m_AutoUVMaxAngle: 89
  m_LightmapParameters: {fileID: 0}
  m_SortingLayerID: 0
  m_SortingLayer: 0
  m_SortingOrder: 0
